 Dungeon Crawl Stone Soup version 0.27.1-2-g3b301248ec (webtiles) character file.

Game seed: 12841294887796845974

126 Waffleater7 the Shooter (level 5, -7/40 HPs)
             Began as a Human Wanderer on Sept 30, 2021.
             Was a Follower of the Shining One.
             Killed by divine providence
             ... invoked by an orc priest
              (15 damage)
             ... on level 3 of the Dungeon.
             The game lasted 00:06:38 (2281 turns).

Waffleater7 the Shooter (Human Wanderer)            Turns: 2281, Time: 00:06:38

Health: -7/40      AC:  8    Str: 10      XL:     5   Next: 31%
Magic:  5/5        EV:  4    Int: 16 (17) God:    the Shining One [*.....]
Gold:   103        SH:  0    Dex: 11      Spells: 4/4 levels left

rFire    . . .     SeeInvis .   g - +0 halberd
rCold    . . .     Faith    .   (shield currently unavailable)
rNeg     . . .     Spirit   .   c - +0 chain mail
rPois    .         Reflect  .   (no helmet)
rElec    .         Harm     .   o - scarf {+Inv}
rCorr    .         Rampage  .   (no gloves)
Will     .....                  (no boots)
Stlth    ..........             (no amulet)
HPRegen  0.13/turn              (no ring)
MPRegen  0.09/turn              (no ring)

@: glowing
A: no striking features
a: Renounce Religion, Evoke Invisibility


You were on level 3 of the Dungeon.
You worshipped the Shining One.
The Shining One was aware of your devotion.
You visited 1 branch of the dungeon, and saw 3 of its levels.

You collected 103 gold pieces.

Inventory:

Hand Weapons
 a - a +2 shortbow of flaming
 e - a +0 dagger
 g - a +0 halberd (weapon)
Missiles
 b - 10 arrows
 i - 4 poisoned darts
 l - 25 bolts
 n - 8 boomerangs (quivered)
Armour
 c - a +0 chain mail (worn)
 o - a scarf of invisibility (worn)
Scrolls
 d - a scroll of immolation {unknown}
 h - a scroll of identify {unknown}
 m - a scroll of teleportation
Potions
 f - 2 potions of mutation {unknown}
 j - a potion of degeneration
 k - a potion of heal wounds {unknown}


   Skills:
 * Level 2.8 Fighting
 * Level 0.3 Polearms
 * Level 3.6 Bows
 * Level 0.1 Throwing
 * Level 1.7 Armour
 * Level 0.4 Dodging
 + Level 2.2 Stealth
 + Level 3.4 Earth Magic


You had 4 spell levels left.
You didn't know any spells.
Your spell library was empty.

Dungeon Overview and Level Annotations

Branches:
Dungeon (3/15)

Altars:
The Shining One


Message History

The goblin hits you but does no damage.
Reach: g) +0 halberd
Press: ? - help, Dir - move target, f/p - goblin
Aim: a goblin, wielding a +0 dagger (severely wounded, haloed, about 45% to evade your +0 halberd)
You slash the goblin!
You kill the goblin!
You throw a boomerang. The boomerang closely misses the orc.
You throw a boomerang.
The boomerang completely misses the orc.
The orc hits you with a +0 club.
Reach: g) +0 halberd
Press: ? - help, Dir - move target, f/p - orc
Aim: an orc, wielding a +0 club (haloed, about 29% to evade your +0 halberd)
You barely miss the orc.
The orc priest calls down the wrath of Beogh upon you.
Beogh smites you! The orc hits you with a +0 club.
Reach: g) +0 halberd
Press: ? - help, Dir - move target, f/p - orc
Aim: an orc, wielding a +0 club (haloed, about 29% to evade your +0 halberd)
You slash the orc!
You kill the orc!
The orc priest barely misses you.
The orc priest hits you from afar with a +0 trident.
Reach: g) +0 halberd
Press: ? - help, Dir - move target, f - orc priest
Aim: an orc priest, wielding a +0 trident (moderately wounded, about 59% to evade your +0 halberd)
You reach to attack!
Your chain mail prevents you from hitting the orc priest.
The orc priest is moderately wounded.
The orc priest mumbles some strange prayers to Beogh against you.
Beogh smites you!
* * * LOW HITPOINT WARNING * * *
Reach: g) +0 halberd
Press: ? - help, Dir - move target, f/p - orc priest
Aim: an orc priest, wielding a +0 trident (moderately wounded, about 62% to evade your +0 halberd)
You reach to attack!
You slash the orc priest!
The orc priest is almost dead.
The orc priest calls down the wrath of Beogh upon you.
Beogh smites you!
You die...

#...>......
#.......#
###.......#
#....<....#
#.........#
#[........#
#.........##
#..........#
...........@#
###.!........)o..#
#############.....
#..# ..


You could see an orc priest.

Vanquished Creatures
  An orc priest (D:2)
  An orc wizard (D:2)
  4 adders
  A dart slug (D:2)
  3 orcs
  3 bats (D:2)
  An endoplasm (D:1)
  2 giant cockroaches
  3 hobgoblins
  2 quokkas (D:1)
  3 ball pythons
  2 frilled lizards (D:1)
  5 goblins
  4 kobolds
  3 rats (D:1)
38 creatures vanquished.

Notes
Turn   | Place    | Note
-------+----------+-------------------------------------------
     0 | D:1      | Waffleater7 the Human Wanderer began the quest for the Orb.
     0 | D:1      | Waffleater7 set off with the following items: a +2
                  | shortbow, 20 arrows, a potion of curing, a +0 ring mail, a
                  | +0 dagger
     0 | D:1      | Reached XP level 1. HP: 16/16 MP: 1/1
   170 | D:1      | Found a faded altar of an unknown god.
   178 | D:1      | Became a worshipper of the Shining One
   178 | D:1      | Reached * piety under the Shining One
   208 | D:1      | Reached XP level 2. HP: 22/22 MP: 2/2
  1147 | D:2      | Reached XP level 3. HP: 15/27 MP: 3/3
  1468 | D:2      | Reached XP level 4. HP: 33/34 MP: 4/4
  1492 | D:2      | Reached XP level 5. HP: 16/39 MP: 5/5
  2281 | D:3      | Killed from afar by an orc priest

Illustrated notes

Levels and vault maps discovered:
D:1:      dpeg_arrival_rhombi, layout_basic,
          shapermc_ecumenical_altar_mp_highgroup
D:2:      layout_basic
D:3:      layout_rooms, mainiacjoe_overflow_chevrons, ebering_ghost_sewer_f,
          serial_curves, eino_curves_01, eino_curves_02, minmay_rat_hole,
          uniq_ijyb

Skill      XL: |  1  2  3 |
---------------+----------+-----
Bows           | 3 |  3.6
Fighting       | |  2.8
Polearms       | |  0.3
Throwing       | |  0.1
Armour         | |  1.7
Dodging        | |  0.4
Stealth        | |  2.2
Earth Magic    | |  3.4

Action                   |  1- 3 |  4- 6 || total
-------------------------+-------+-------++-------
Melee: Halberd           |       |    23 ||    23
 Fire: Shortbow          |    57 |     5 ||    62
Throw: Dart              |       |    19 ||    19
       Boomerang         |       |    13 ||    13
  Use: Scroll            |     3 |     3 ||     6
       Potion            |     1 |     3 ||     4
Armor: Ring mail         |     6 |    11 ||    17
       Chain mail        |       |    12 ||    12
Dodge: Dodged            |     6 |    14 ||    20
